Map: Lightshade LE

Players

Nina

  • Race: Protoss Protoss
  • League: Grandmaster
  • Spawn Location: 5:00

Scarlett - Winner!

  • Race: Zerg Zerg
  • League: Master
  • Spawn Location: 11:00

Event: DreamHack SC2 Masters 2020 Winter

VOD

Have the link to the VOD?

Description

Time

  • Played on: Nov. 6, 2020, 4:29 p.m.
  • Length: 14:35

All games in this series

Show
View Real Time Build Order
Export as new Build Order

Nina Protoss 

Build Orders: 1 Gate Expand, Archon Immortal 

Get SALT Encoding   

  12  0:00  Probe  
  13  0:14  Pylon  
  13  0:17  Probe  
  14  0:29  Probe (Chrono Boost)  
  14  0:35  Gateway  
  15  0:41  Probe (Chrono Boost)  
  16  0:46  Probe (Chrono Boost)  
  17  0:52  Assimilator  
  17  0:56  Probe  
  18  1:08  Probe  
  19  1:20  Probe  
  20  1:27  Nexus  
  20  1:36  Cybernetics Core  
  20  1:38  Probe  
  21  1:47  Assimilator  
  21  1:50  Probe  
  22  1:54  Pylon  
  22  2:02  Probe  
  23  2:09  Adept (Chrono Boost)  
  23  2:15  Probe  
  26  2:22  Pylon  
  26  2:23  Stargate  
  26  2:27  Probe  
  27  2:33  Pylon  
  27  2:36  Warp Gate  
  27  2:39  Probe (Chrono Boost)  
  27  2:42  Probe (Chrono Boost)  
  29  2:44  Adept (Chrono Boost)  
  32  2:51  Probe (Chrono Boost)  
  32  2:58  Probe (Chrono Boost)  
  33  2:59  Probe (Chrono Boost)  
  33  3:04  Void Ray (Chrono Boost)  
  33  3:05  Probe  
  35  3:06  Probe  
  40  3:17  Probe  
  41  3:26  Probe  
  42  3:28  Pylon  
  42  3:29  Probe  
  43  3:38  Robotics Facility, Probe  
  43  3:41  Probe  
  45  3:46  Adept  
  47  3:50  Probe  
  47  3:51  Pylon, Void Ray (Chrono Boost)  
  47  3:53  Probe  
  53  4:03  Probe  
  52  4:17  Probe  
  52  4:19  Probe  
  52  4:23  Immortal (Chrono Boost)  
  54  4:25  Pylon, Adept  
  54  4:29  Probe  
  59  4:31  Probe  
  59  4:36  Pylon  
  60  4:38  Nexus  
  60  4:44  Oracle (Chrono Boost)  
  60  4:48  Probe  
  60  4:50  Assimilator, Probe  
  60  4:51  Assimilator  
  65  4:55  Gateway  
  65  5:00  Probe  
  65  5:01  Gateway  
  65  5:02  Probe  
  65  5:06  Immortal (Chrono Boost)  
  67  5:12  Adept  
  67  5:13  Probe  
  74  5:27  Probe  
  74  5:28  Probe  
  76  5:31  Twilight Council  
  76  5:34  Gateway  
  76  5:35  Forge  
  76  5:37  Pylon  
  76  5:39  Probe  
  77  5:43  Pylon  
  77  5:50  Immortal (Chrono Boost)  
  77  5:52  Probe  
  77  5:53  Probe  
  77  5:54  Probe  
  77  5:55  Sentry x2  
  88  6:00  Gateway  
  88  6:04  Probe  
  88  6:07  Probe  
  88  6:08  Charge, Probe  
  88  6:09  Protoss Ground Weapons Level 1  
  91  6:17  Pylon, Probe  
  92  6:19  Probe  
  92  6:21  Sentry  
  92  6:22  Probe  
  96  6:26  Gateway  
  96  6:28  Gateway, Observer (Chrono Boost)  
  97  6:34  Probe x2  
  97  6:37  Probe  
  100  6:40  Gateway  
  100  6:42  Gateway  
  100  6:49  Zealot x4  
  100  6:52  Gateway, Warp Prism (Chrono Boost)  
  108  7:00  Assimilator  
  110  7:02  Assimilator  
  110  7:03  Templar Archives  
  110  7:04  Pylon  
  110  7:11  Probe  
  110  7:12  Probe  
  110  7:13  Probe  
  113  7:21  Pylon  
  113  7:22  Pylon  
  113  7:23  Probe  
  113  7:26  Immortal (Chrono Boost)  
  113  7:28  Psionic Storm  
  113  7:29  Nexus  
  118  7:32  Probe  
  118  7:33  Probe  
  120  7:39  Photon Cannon  
  120  7:40  High Templar  
  120  7:41  High Templar  
  120  7:43  Pylon  
  124  7:45  Probe  
  124  7:51  High Templar  
  127  7:54  Pylon  
  127  7:56  Immortal (Chrono Boost)  
  131  8:01  Zealot  
  133  8:06  High Templar, Photon Cannon  
  133  8:09  Shield Battery  
  133  8:11  Probe  
  136  8:15  Photon Cannon  
  136  8:17  High Templar  
  136  8:19  Probe  
  139  8:22  Robotics Facility  
  139  8:25  Photon Cannon x2  
  139  8:26  Photon Cannon  
  139  8:34  High Templar  
  139  8:35  High Templar  
  139  8:36  Warp Prism  
  139  8:39  Archon  
  139  8:41  Probe  
  146  8:44  Probe x2  
  146  8:45  Probe  
  149  8:49  Assimilator  
  149  8:54  High Templar x2  
  149  8:55  Assimilator  
  153  8:58  Archon  
  153  8:59  Zealot x6  
  165  9:13  Zealot x2  
  165  9:15  Pylon  
  165  9:16  Pylon  
  169  9:27  Immortal  
  169  9:30  Probe  
  170  9:32  High Templar, Photon Cannon  
  170  9:33  Immortal  
  170  9:34  High Templar  
  170  9:35  High Templar  
  180  9:38  Photon Cannon  
  180  9:41  Zealot x2  
  180  9:42  Zealot x2  
  188  9:46  Fleet Beacon  
  188  9:59  Zealot x3  
  160  10:03  High Templar x2, Zealot x2  
  160  10:06  Zealot  
  162  10:10  Zealot x2  
  158  10:20  Zealot x2  
  158  10:21  Zealot  
  164  10:22  Immortal  
  164  10:27  Zealot  
  170  10:35  Stargate  
  168  10:38  Stargate  
  168  10:43  High Templar  
  168  10:44  High Templar  
  172  10:53  Nexus  
  172  10:55  Zealot x8  
  188  11:05  Observer  
  174  11:18  Zealot x5  
  146  11:19  Zealot x3  
  113  11:26  Probe  
  113  11:30  Probe  
  113  11:31  Zealot  
  113  11:32  Zealot  
  115  11:39  Zealot x8  
  125  11:41  Observer  
  76  12:02  Zealot x7  
  76  12:03  Zealot  
  82  12:11  High Templar  
  78  12:25  High Templar x5  
  87  12:31  High Templar x3  
  87  12:35  Archon, Nexus  
  93  12:42  Immortal  
  97  13:01  Pylon  
  97  13:02  High Templar x5  
  107  13:06  Archon x2  
  107  13:23  Immortal  
  111  13:32  Nexus  
  111  13:33  Probe x2  
  105  13:50  Pylon  
  105  13:57  High Templar x3  
  111  14:03  Zealot x5  
  105  14:13  Zealot x2  
  105  14:16  Probe  
  90  14:20  Pylon, Zealot  
Show
View Real Time Build Order
Export as new Build Order

Scarlett Zerg - Winner!

Build Orders: Hatch First, Lurkers 

Get SALT Encoding   

  12  0:00  Drone  
  13  0:12  Overlord  
  13  0:20  Drone  
  14  0:32  Drone x2  
  16  0:41  Drone  
  17  0:52  Drone  
  17  0:56  Hatchery  
  17  0:59  Drone  
  18  1:06  Extractor  
  17  1:12  Spawning Pool  
  17  1:15  Drone  
  17  1:19  Drone  
  18  1:28  Drone  
  19  1:38  Overlord  
  19  1:49  Drone  
  20  1:59  Queen  
  20  2:00  Zergling x2  
  23  2:06  Metabolic Boost  
  23  2:08  Zergling x2  
  24  2:11  Drone  
  25  2:17  Queen  
  25  2:19  Drone  
  28  2:26  Drone  
  29  2:33  Drone x2  
  29  2:34  Queen  
  33  2:40  Overlord  
  33  2:53  Hatchery  
  33  2:58  Drone x2  
  34  3:00  Drone  
  35  3:09  Drone  
  35  3:10  Drone  
  35  3:11  Drone x3  
  39  3:15  Overlord  
  39  3:19  Queen  
  39  3:23  Drone  
  39  3:24  Drone  
  42  3:35  Spore Crawler, Queen  
  42  3:39  Zergling x4  
  45  3:43  Zergling x2  
  45  3:47  Spore Crawler, Zergling x2  
  46  3:51  Zergling x2  
  48  3:55  Drone  
  48  4:01  Drone x3  
  51  4:07  Drone x5  
  55  4:10  Drone  
  54  4:20  Overlord  
  54  4:21  Drone x2  
  56  4:26  Spore Crawler, Queen, Overlord  
  56  4:29  Overlord  
  57  4:31  Overlord  
  57  4:44  Overlord  
  57  4:45  Drone  
  56  4:48  Drone x7  
  63  4:52  Lair  
  63  4:55  Drone, Evolution Chamber  
  63  5:02  Drone  
  63  5:03  Drone x4  
  63  5:04  Extractor x2  
  63  5:06  Drone x3  
  69  5:13  Zergling x4  
  71  5:22  Drone x5  
  71  5:24  Zerg Missile Weapons Level 1  
  71  5:25  Extractor  
  71  5:26  Extractor  
  71  5:28  Drone x5  
  77  5:30  Extractor  
  77  5:32  Drone x4  
  80  5:38  Drone  
  80  5:42  Drone x2  
  83  5:47  Drone  
  84  5:50  Hydralisk Den  
  84  5:52  Zergling x4  
  85  6:01  Overlord x2  
  85  6:02  Zergling x8  
  85  6:03  Hatchery  
  88  6:04  Overseer  
  88  6:07  Overlord  
  88  6:08  Overlord x3  
  88  6:09  Zergling x2  
  89  6:21  Muscular Augments, Hydralisk x4  
  97  6:26  Infestation Pit  
  97  6:27  Hydralisk x2  
  100  6:34  Hydralisk x4  
  108  6:44  Hydralisk  
  108  6:45  Hydralisk x4  
  118  6:54  Drone  
  119  6:59  Hydralisk  
  119  7:00  Hydralisk x5  
  131  7:09  Drone x6  
  131  7:10  Overlord x2  
  131  7:15  Hive  
  137  7:18  Drone, Lurker Den  
  137  7:22  Evolution Chamber  
  136  7:24  Zerg Missile Weapons Level 2  
  136  7:29  Drone x5  
  141  7:31  Extractor  
  141  7:32  Extractor  
  141  7:34  Drone x3  
  142  7:37  Drone  
  142  7:38  Drone x2  
  142  7:41  Grooved Spines  
  145  7:45  Overlord x2  
  145  7:46  Overseer  
  145  7:50  Overlord  
  145  7:51  Overlord  
  145  7:56  Zerg Ground Armor Level 1  
  145  8:00  Drone x4  
  145  8:01  Drone x3  
  152  8:09  Hatchery  
  150  8:16  Overlord  
  150  8:23  Overlord x2  
  150  8:28  Seismic Spines  
  150  8:29  Lurker x2  
  150  8:30  Lurker x5, Overseer  
  157  8:34  Extractor  
  157  8:36  Drone x2  
  157  8:37  Drone x4, Extractor  
  161  8:44  Adrenal Glands  
  161  8:47  Lurker x2  
  163  8:49  Hydralisk  
  163  8:50  Zergling x26  
  163  8:54  Spine Crawler  
  163  8:55  Hydralisk x2  
  177  8:56  Zergling x4  
  177  8:58  Spore Crawler  
  180  9:15  Lurker x2  
  182  9:17  Lurker x2  
  182  9:18  Lurker, Zergling x6  
  182  9:19  Zergling x22  
  182  9:21  Overlord  
  199  9:30  Adaptive Talons  
  198  9:33  Pneumatized Carapace  
  198  9:41  Hydralisk  
  198  9:43  Zerg Missile Weapons Level 3  
  200  9:51  Zerg Ground Armor Level 2  
  200  9:56  Hydralisk x2  
  200  9:57  Hydralisk x5  
  175  10:03  Hydralisk x3  
  175  10:04  Zergling x32  
  179  10:10  Hydralisk  
  181  10:16  Overseer  
  181  10:20  Lurker  
  181  10:22  Lurker x3  
  184  10:36  Lurker  
  184  10:37  Lurker x3  
  188  10:43  Lurker  
  188  10:44  Lurker  
  188  10:45  Zergling x20  
  188  10:49  Drone, Hatchery  
  200  10:50  Spore Crawler, Spine Crawler  
  200  10:53  Spine Crawler  
  198  10:57  Lurker x2  
  191  11:16  Hydralisk x8  
  191  11:17  Zergling x12  
  191  11:18  Hydralisk  
  182  11:19  Zergling x20  
  182  11:25  Hydralisk  
  158  11:32  Hydralisk x6  
  134  11:50  Hydralisk x10  
  141  11:57  Drone x4  
  145  12:07  Drone x7  
  149  12:20  Drone x8  
  157  12:32  Lurker x3  
  160  12:40  Overseer  
  160  12:41  Lurker x5  
  160  12:43  Overseer  
  165  12:48  Lurker x3  
  165  12:49  Drone x3  
  165  12:50  Drone x3  
  174  13:05  Lurker x3, Zergling x28  
  184  13:10  Extractor  
  190  13:17  Overlord  
  190  13:18  Overseer  
  190  13:25  Drone  
  190  13:26  Drone x9  
  199  13:29  Extractor  
  199  13:30  Extractor, Spine Crawler  
  199  13:32  Lurker x3  
  199  13:33  Spore Crawler  
  197  13:47  Lurker x6  
  198  14:01  Hydralisk  
  198  14:02  Hydralisk  
Tags
 
Add a new tag
Caveats
  • Supply blocks, unpowered buildings, or Contaminate may cause inaccurate times.
  • Supply counts are checked every 10 seconds.